 Dungeon Sprint DCSS version 0.23-a0-650-ga4d50d4 (webtiles) character file.

16359 Leeroy the Barachian Blade (level 12, -5/80 HPs)
             Began as a Barachi Skald on Jan 2, 2019.
             Was the Champion of Qazlal.
             Splashed by an acid blob's acid (7 damage)
             ... in the Dungeon (Sprint V: "Ziggurat Sprint").
             The game lasted 00:32:37 (1127 turns).

Leeroy the Barachian Blade (Barachi Skald)          Turns: 1127, Time: 00:32:41

Health: -5/80      AC: 20    Str: 17    XL:     12   Next: 36%
Magic:  13/17      EV: 10    Int: 25    God:    Qazlal [******]
Gold:   0          SH:  8    Dex: 11    Spells: 0/15 levels left

rFire    + + .     SeeInvis .   L - +11 plutonium sword {*Contam Stlth-}
rCold    x . .     Gourm    .   (shield currently unavailable)
rNeg     + . .     Faith    .   S - +5 fire dragon scales
rPois    +         Spirit   .   (no helmet)
rElec    +         Reflect  .   (no cloak)
rCorr    .         Harm     .   Y - +1 pair of gloves {archery}
MR       .....     NoTele   +   V - +2 pair of boots {Stlth+}
Stlth    ..........             (no amulet)
HPRegen  0.23/turn              x - +6 ring of intelligence
MPRegen  0.15/turn              O - ring "Dukudgh" {+Blink rElec rPois rN+ Str+4}

@: afraid, protected from physical damage, corroded, very slightly contaminated,
repel missiles, slow
A: +LOS, swims, slowness 1, strong legs 1
a: Hop, Upheaval, Elemental Force, Disaster Area, Renounce Religion, Evoke Blink


You were in the Dungeon.
You worshipped Qazlal.
Qazlal was exalted by your worship.
You were not hungry.

You visited 1 branch

Inventory:

Hand Weapons
 A - the +7 great mace "Undeadhunter" {disrupt, rN+}
   (You found it in the Dungeon)

   It protects you from negative energy.
 K - the +7 Singing Sword {slice, sonic wave}
   (You found it in the Dungeon)

   It inflicts extra damage upon your enemies.
 L - the +11 plutonium sword (weapon) {*Contam Stlth-}
   (You found it in the Dungeon)

   It causes magical contamination when unequipped.
   It makes you less stealthy.
 M - the +6 sword of Power
   (You found it in the Dungeon)
 N - the +9 sword of Zonguldrok {reap}
   (You found it in the Dungeon)

   If a monster killed with it leaves a corpse in good enough shape, the corpse
   will be animated as a zombie friendly to the killer.
 P - a +5 triple sword
 Q - a +5 fustibalus
 U - a +2 great sword of holy wrath
Missiles
 R - 1000 sling bullets
Armour
 I - the +15 Maxwell's patent armour {-Cast -Tele rElec MR+ rCorr}
   (You found it in the Dungeon)

   It insulates you from electricity.
   It affects your resistance to hostile enchantments.
   It prevents spellcasting.
   It prevents most forms of teleportation.
   It provides partial protection from all sources of acid and corrosion.
 J - the +18 shield of the Gong {rElec rN+ MR+ EV-5}
   (You found it in the Dungeon)

   It affects your evasion (-5).
   It insulates you from electricity.
   It protects you from negative energy.
   It affects your resistance to hostile enchantments.
 S - +5 fire dragon scales (worn)
 V - a +2 pair of boots of stealth (worn)
 Y - a +1 pair of gloves of archery (worn)
Magical Staves
 a - an uncursed staff of conjuration
 b - an uncursed staff of fire
 G - an uncursed staff of energy
Jewellery
 v - a +6 ring of dexterity
 w - a +6 ring of dexterity
 x - a +6 ring of intelligence (left hand)
 y - a +6 ring of intelligence
 z - a +6 ring of strength
 F - an uncursed ring of flight
 O - the ring "Dukudgh" (right hand) {+Blink rElec rPois rN+ Str+4}
   (You found it in the Dungeon)

   [ring of poison resistance]

   It affects your strength (+4).
   It insulates you from electricity.
   It protects you from poison.
   It protects you from negative energy.
   It lets you blink.
 W - an uncursed ring of ice
 X - the amulet of Vitality {Regen+ HP+15}
   (You found it in the Dungeon)

   [amulet of regeneration]

   It affects your health (+15).
   It increases your rate of regeneration.
 Z - the ring of Soany {Ice Str+3 Int-4 Slay+5}
   (You found it in the Dungeon)

   [ring of ice]

   It enhances your ice magic.
   It affects your strength (+3).
   It affects your intelligence (-4).
   It affects your accuracy and damage with ranged weapons and melee attacks
   (+5).
   It makes you vulnerable to fire.
   It protects you from cold.
Wands
 B - a wand of disintegration (7)
 C - a wand of iceblast (7)
 D - a wand of acid (7)
Scrolls
 j - 4 scrolls of blinking
 p - 4 scrolls of amnesia
 q - 6 scrolls of fog
 r - 2 scrolls of holy word
 s - 5 scrolls of identify
 t - 5 scrolls of remove curse
 u - 2 scrolls of fear
 T - a scroll of brand weapon
Potions
 c - 2 potions of brilliance
 e - 9 potions of curing
 f - 9 potions of heal wounds
 g - 6 potions of haste
 h - 6 potions of magic
 i - 3 potions of berserk rage
 k - 2 potions of invisibility
 l - 4 potions of resistance
 n - 5 potions of agility
 o - 4 potions of might
Miscellaneous
 m - a phial of floods
 E - a lightning rod (4/4)
 H - a crystal ball of energy
Comestibles
 d - 6 rations


   Skills:
 - Level 2.4 Fighting
 + Level 22.4 Long Blades
 - Level 7.3 Armour
 - Level 2.1 Dodging
 - Level 2.1 Spellcasting
 - Level 11.4 Conjurations
 - Level 11.6 Hexes
 - Level 10.9 Charms
 - Level 3.5 Translocations
 - Level 7.1 Fire Magic
 - Level 7.3 Invocations


You couldn't memorise any spells.
You knew the following spells:

 Your Spells              Type           Power        Failure   Level  Hunger
a - Infusion              Chrm           ####         1%          1    None
b - Spectral Weapon       Hex/Chrm       ######..     1%          3    ###....
c - Conjure Flame         Conj/Fire      #####...     2%          3    ###....
d - Fireball              Conj/Fire      #####.....   26%         5    ######.
e - Blink                 Tloc           N/A          14%         2    ##.....
f - Sting                 Conj/Pois      ####         3%          1    None

Your spell library contained the following spells:

 Spells                   Type           Power        Failure   Level  Hunger
 Slow                     Hex            ######..     1%          2    ##.....
 Song of Slaying          Chrm           ######..     1%          2    ##.....
 Inner Flame              Hex/Fire       #####...     2%          3    ###....
 Shroud of Golubria       Chrm/Tloc      #####.....   3%          2    ##.....
 Summon Guardian Golem    Hex/Summ       ####....     11%         3    ###....
 Ozocubu's Armour         Chrm/Ice       ####....     13%         3    ###....
 Regeneration             Chrm/Necr      ####......   13%         3    ###....
 Mephitic Cloud           Conj/Pois/Air  ###.....     26%         3    ###....
 Gell's Gravitas          Tloc           ###.......   28%         3    ###....
 Lesser Beckoning         Tloc           ###.......   28%         3    ###....
 Teleport Other           Tloc           ###.....     28%         3    ###....
 Throw Icicle             Conj/Ice       ####....     36%         4    ####...
 Animate Skeleton         Necr           N/A          38%         1    None
 Beastly Appendage        Tmut           #.....       38%         1    None
 Pain                     Necr           #...         38%         1    None
 Poisonous Vapours        Pois/Air       #.....       52%         2    ##.....
 Sticks to Snakes         Tmut           #.......     52%         2    ##.....
 Passage of Golubria      Tloc           N/A          67%         4    ####...
 Metabolic Englaciation   Hex/Ice        ####......   71%         5    ######.
 Venom Bolt               Conj/Pois      ####......   71%         5    ######.
 Spider Form              Tmut/Pois      #.........   77%         3    ###....
 Vampiric Draining        Necr           #.........   77%         3    ###....
 Animate Dead             Necr           N/A          99%         4    ####...
 Ice Form                 Ice/Tmut       #.......     99%         4    ####...
 Olgreb's Toxic Radiance  Pois           #.......     99%         4    ####...
 Blade Hands              Tmut           #.........   100%        5    ######.


Dungeon Overview and Level Annotations

Branches:
Dungeon (1/1)

Altars:
Ashenzari
Cheibriados
Dithmenos
Elyvilon
Fedhas
Gozag
Hepliaklqana
Kikubaaqudgha
Makhleb
Nemelex Xobeh
Okawaru
Qazlal
Ru
Sif Muna
Trog
Uskayaw
Vehumet
Wu Jian
Xom
Yredelemnul
Zin
The Shining One
Beogh
Jiyva
Lugonu

Annotations:
D 1 transporter


Innate Abilities, Weirdness & Mutations

Shadows flee at your approach. (+LOS)
You can swim through water.
You cover ground slowly.
You can hop short distances.


Message History

The splash of acid hits you!
* * * LOW HITPOINT WARNING * * *
The acid corrodes you!
You are splashed with acid!
The acid burns!
* * * LOW HITPOINT WARNING * * *
Unknown command.
Unknown command.
You feel much better.
The ball python bites you but does no damage.
The ball python barely misses you.
The glowing orange brain is engulfed in blazing flames.
The glowing orange brain pulsates.
The glowing orange brain radiates an aura of fear!
You are terrified of the glowing orange brain!
The shining eye is engulfed in blazing flames.
You kill the shining eye!
Qazlal accepts your kill.
The acid blob is struck by lightning.
The acid blob hits you!!
* * * LOW HITPOINT WARNING * * *
You are splashed with acid!
The acid burns!
You die...

▓...8©8...▓...8©8...▓
▓.."=")|..▓...[.|)..▓
▓..):})|..▓....)))..▓
▓.........▓..)))....▓
▓.........▓...†|....▓
▓.........▓.........▓
▓...○§....▓.........▓
▓..sJJG...▓.▓.....▓.▓
▓.▓rG@S.▓.▓....©....▓
▓...°©....▓▓▓▓▓▓▓▓▓▓▓
▓▓▓▓▓▓▓▓▓▓▓


You could see an acid blob, a slime creature, 2 glowing orange brains, a giant
cockroach, a ball python and a rat.

Vanquished Creatures
  A black draconian (D)
  2 vault guards (D)
  A dancing weapon (D)
  A deep elf knight (D)
  An orc knight (D)
  A deep elf archer (D)
  A wolf spider (D)
  An ugly thing (D)
  A deep elf mage (D)
  A shining eye (D)
  5 draconians (D)
  A worldbinder (D)
  4 toenail golems (D)
  A gargoyle (D)
  A yaktaur (D)
  A hornet (D)
  2 slime creatures (D)
  3 spriggans (D)
  3 golden eyes (D)
  2 floating eyes (D)
  A black bear (D)
  An orc warrior (D)
  A wolf (D)
  3 earth elementals (D)
  A quasit (D)
  3 jellies (D)
  2 iron imps (D)
  An orc wizard (D)
  A shadow imp (D)
  A white imp (D)
  An ufetubus (D)
  An ooze (D)
  2 adder simulacra (D)
  An orc (D)
54 creatures vanquished.

Vanquished Creatures (collateral kills)
  2 draconians (D)
  A black bear (D)
  3 orc wizards (D)
6 creatures vanquished.

Vanquished Creatures (others)
  2 spectral weapons (D)
2 creatures vanquished.

Grand Total: 62 creatures vanquished

Notes
Turn   | Place    | Note
-------+----------+-------------------------------------------
     0 | D        | Found the +6 Majin-Bo {vamp, Archmagi MP+6 Int+6}
     0 | D        | Found the +7 great mace "Firestarter" {inner flame, rF++}
     0 | D        | Leeroy the Barachi Skald began the quest for the Orb.
     0 | D        | Reached XP level 1. HP: 17/17 MP: 3/3
     0 | D        | Found a transporter.
     0 | D        | Found an ancient bone altar of Kikubaaqudgha.
     0 | D        | Found a viscous altar of Jiyva.
     0 | D        | Found a corrupted altar of Lugonu.
     0 | D        | Found a hazy altar of Hepliaklqana.
     0 | D        | Found a burning altar of Makhleb.
     0 | D        | Found an opulent altar of Gozag.
    19 | D        | Found the +9 heavy crossbow "Sniper" {velocity, Acc+∞ SInv}
    19 | D        | Found the +10 dark maul {crush}
    19 | D        | Found the +15 Maxwell's patent armour {-Cast -Tele rElec
                  | MR+ rCorr}
    19 | D        | Found the +18 shield of the Gong {rElec rN+ MR+ EV-5}
    19 | D        | Found the cursed +14 obsidian axe {chop, +Fly SInv *Curse}
    34 | D        | Found the +6 shillelagh "Devastator" {shatter}
    34 | D        | Found the +11 plutonium sword {*Contam Stlth-}
    34 | D        | Found the +8 lance "Wyrmbane" {slay drac, rPois rF+ rC+
                  | AC+3}
    34 | D        | Found the +9 sword of Zonguldrok {reap}
    34 | D        | Found the cursed +13 scythe of Curses {drain, *Curse}
    34 | D        | Found the +0 sword of Power
    34 | D        | Found the +7 mace of Variability {chain chaos}
    34 | D        | Found the +7 Singing Sword {slice, sonic wave}
    34 | D        | Found the +7 longbow "Piercer" {penet, EV-2}
    67 | D        | Became a worshipper of Qazlal Stormbringer
   108 | D        | Entered arena 2.
   108 | D        | Noticed a golden eye
   108 | D        | Noticed a jelly
   108 | D        | Found a transporter.
   121 | D        | Killed a jelly
   121 | D        | Reached skill level 7 in Long Blades
   121 | D        | Reached XP level 2. HP: 16/23 MP: 5/5
   121 | D        | Reached XP level 3. HP: 19/28 MP: 6/6
   153 | D        | Killed a golden eye
   153 | D        | Reached skill level 12 in Long Blades
   153 | D        | Reached XP level 4. HP: 27/34 MP: 7/7
   153 | D        | Reached XP level 5. HP: 31/39 MP: 8/8
   222 | D        | Learned a level 3 spell: Spectral Weapon
   224 | D        | Entered arena 3.
   224 | D        | Noticed a draconian
   224 | D        | Noticed a draconian
   224 | D        | Noticed a draconian
   224 | D        | Found a transporter.
   238 | D        | Killed a draconian
   238 | D        | Reached * piety under Qazlal
   238 | D        | Reached skill level 16 in Long Blades
   238 | D        | Reached XP level 6. HP: 28/46 MP: 9/9
   238 | D        | Reached XP level 7. HP: 31/51 MP: 10/10
   249 | D        | Killed a draconian
   249 | D        | Reached XP level 8. HP: 34/57 MP: 11/11
   256 | D        | Killed a draconian
   367 | D        | Entered arena 4.
   367 | D        | Noticed a +0 antimagic halberd
   367 | D        | Noticed a deep elf knight
   367 | D        | Noticed a deep elf archer
   367 | D        | Noticed a deep elf mage
   367 | D        | Found a transporter.
   369 | D        | Noticed a demonic crawler
   374 | D        | Killed a deep elf archer
   374 | D        | Reached ** piety under Qazlal
   374 | D        | Reached skill level 10 in Charms
   374 | D        | Reached XP level 9. HP: 35/62 MP: 2/12
   378 | D        | Killed a +0 antimagic halberd
   378 | D        | Reached skill level 18 in Long Blades
   384 | D        | Killed a deep elf knight
   384 | D        | Reached skill level 19 in Long Blades
   386 | D        | Killed a deep elf mage
   386 | D        | Reached skill level 20 in Long Blades
   569 | D        | Entered arena 5.
   569 | D        | Found a transporter.
   570 | D        | Paralysed by a floating eye for 2 turns
   572 | D        | Reached *** piety under Qazlal
   572 | D        | Reached XP level 10. HP: 68/68 MP: 13/13
   573 | D        | Paralysed by a floating eye for 3 turns
   584 | D        | Got the ring of Soany {Ice Str+3 Int-4 Slay+5}
   597 | D        | Reached XP level 11. HP: 73/73 MP: 14/14
   602 | D        | Entered arena 6.
   602 | D        | Noticed a draconian
   602 | D        | Noticed a black draconian
   602 | D        | Noticed a draconian
   602 | D        | Noticed a draconian
   602 | D        | Noticed a draconian
   602 | D        | Found a transporter.
   610 | D        | Killed a draconian
   610 | D        | Reached **** piety under Qazlal
   626 | D        | Killed a draconian
   626 | D        | Reached skill level 21 in Long Blades
   626 | D        | Reached skill level 10 in Hexes
   635 | D        | Killed a draconian
   642 | D        | Killed a draconian
   649 | D        | Killed a black draconian
   649 | D        | Reached ***** piety under Qazlal
   658 | D        | Got the Incunabulum of the Scorching Snowflakes
   663 | D        | Learned a level 3 spell: Conjure Flame
   669 | D        | Learned a level 5 spell: Fireball
   692 | D        | Entered arena 7.
   692 | D        | Found a transporter.
   694 | D        | Reached skill level 1 in Fire Magic
   708 | D        | Reached skill level 5 in Fire Magic
   722 | D        | Got the cursed +3 hunting sling of Vuug {venom, rC+ Str+2}
   728 | D        | Learned a level 2 spell: Blink
   740 | D        | Entered arena 8.
   740 | D        | Found a transporter.
   747 | D        | Reached ****** piety under Qazlal
   747 | D        | Reached skill level 1 in Translocations
   781 | D        | Entered arena 9.
   781 | D        | Noticed a worldbinder
   781 | D        | Found a transporter.
   790 | D        | Killed a worldbinder
   814 | D        | Got the +5 chain mail of the Endless Expanse {Dex+4}
   943 | D        | Entered arena 10.
   943 | D        | Found a transporter.
   944 | D        | Found the +7 great mace "Undeadhunter" {disrupt, rN+}
   944 | D        | Found the amulet of Vitality {Regen+ HP+15}
   944 | D        | Found the +5 robe of Misfortune {*Contam Harm *Corrode
                  | *Drain *Slow EV+5}
   953 | D        | Reached skill level 22 in Long Blades
   953 | D        | Reached skill level 1 in Conjurations
   953 | D        | Reached skill level 1 in Invocations
   968 | D        | Reached skill level 5 in Conjurations
  1013 | D        | Got the +10 mace of Dissent {elec, +Fly rC- MR+ Str+3}
  1018 | D        | Got the cursed +0 trident of the Firefly {protect, rF+
                  | Str+3}
  1031 | D        | Entered arena 11.
  1031 | D        | Noticed a vault guard
  1031 | D        | Noticed an orc knight
  1031 | D        | Noticed a brown ugly thing
  1031 | D        | Noticed a wolf spider
  1031 | D        | Noticed a vault guard
  1031 | D        | Found a transporter.
  1044 | D        | Killed a brown ugly thing
  1044 | D        | Reached skill level 5 in Invocations
  1044 | D        | Reached XP level 12. HP: 55/80 MP: 3/16
  1046 | D        | Killed a vault guard
  1071 | D        | Killed a vault guard
  1071 | D        | Reached skill level 10 in Conjurations
  1076 | D        | Got the ring "Dukudgh" {+Blink rElec rPois rN+ Str+4}
  1107 | D        | Identified the Grimoire of Execration (You acquired it in
                  | the Dungeon)
  1111 | D        | Learned a level 1 spell: Sting
  1112 | D        | Entered arena 12.
  1112 | D        | Noticed an acid blob
  1113 | D        | Found the ring of Shadows {Umbra +Inv Stlth+}
  1113 | D        | Found a transporter.
  1126 | D        | HP: 3/80 [acid (10)]
  1127 | D        | Splashed by an acid blob's acid

Vault maps used:
D:        sprint_v

Skill      XL: |  1  2  3  4  5  6  7  8  9 10 11 12 |
---------------+-------------------------------------+-----
Long Blades    | 7 12 16 20 22 | 22.4
Hexes          | 9 11 | 11.6
Charms         | 10 | 10.9
Armour         | 7 |  7.3
Fire Magic     | 7 |  7.1
Translocations | 3 |  3.5
Conjurations   | 6 11 | 11.4
Invocations    | 5 7 |  7.3
Fighting       | |  2.4
Dodging        | |  2.1
Spellcasting   | |  2.1

Action                   |  1- 3 |  4- 6 |  7- 9 | 10-12 || total
-------------------------+-------+-------+-------+-------++-------
Melee: Demon blade       |    17 |       |       |       ||    17
       Double sword      |       |    10 |    32 |    98 ||   140
       Triple sword      |       |       |       |    35 ||    35
 Fire: Fustibalus        |       |     2 |       |     1 ||     3
 Cast: Conjure Flame     |       |       |       |     4 ||     4
       Spectral Weapon   |       |       |       |     3 ||     3
       Blink             |       |       |       |     1 ||     1
 Abil: Hop               |       |       |       |     1 ||     1
  Use: Potion            |       |       |     3 |     6 ||     9
       Scroll            |       |       |       |     2 ||     2
 Stab: Distracted        |       |       |       |     1 ||     1
  Eat: Ration            |       |       |       |     1 ||     1
Armor: Plate armour      |    13 |     6 |    37 |    18 ||    74
       Fire dragon scale |       |       |       |    53 ||    53
Dodge: Dodged            |       |       |     1 |    13 ||    14
       Deflected         |       |       |       |     1 ||     1
Block: Shield            |       |    16 |    65 |   142 ||   223
       Other             |       |       |       |    15 ||    15
       Rpst.: Double sword |       |       |       |     1 ||     1
       Triple sword      |       |       |       |     2 ||     2

Table legend:
 A = Non-vault XP
 B = Vault XP
 C = Vault XP percentage of total XP
 D = Non-vault monster count
 E = Vault monster count
 F = Vault count percentage of total count
                 A         B        C        D         E       F
            +---------+---------+-------+---------+---------+-------
      Total |     278 |   18049 |  98.5 |       1 |      59 |  98.3
            +---------+---------+-------+---------+---------+-------
          D |     278 |   18049 |  98.5 |       1 |      59 |  98.3
            +---------+---------+-------+---------+---------+-------
